 Dungeon Crawl Stone Soup version 0.28.0-53-g5a82cb258f (webtiles) character file.

Game seed: 12461187587123331

562 tizbic2 the Ruffian (level 7, -4/68 HPs)
             Began as an Ogre Transmuter on Aug 7, 2022.
             Was a Follower of the Shining One.
             Succumbed to a killer bee's poison
             ... on level 4 of the Dungeon.
             The game lasted 00:15:56 (3263 turns).

tizbic2 the Ruffian (Ogre Transmuter)               Turns: 3263, Time: 00:15:56

Health: -4/68      AC:  2    Str: 17    XL:     7   Next: 32%
Magic:  4/12       EV: 18    Int: 14    God:    the Shining One [*.....]
Gold:   88         SH:  7    Dex: 14    Spells: 3/13 levels left

rFire   . . .      SeeInvis .     - Unarmed
rCold   . . .      Faith    .   (shield currently unavailable)
rNeg    . . .      Spirit   .   (armour currently unavailable)
rPois   x          Reflect  .   (helmet currently unavailable)
rElec   .          Harm     .   (cloak currently unavailable)
rCorr   .          Rampage  .   (gloves unavailable)
Will    .....                   (boots unavailable)
Stlth   +.........              (no amulet)
HPRegen 0.21/turn               (no ring)
MPRegen 0.13/turn               (no ring)

@: mighty, lethally poisoned (-4 -> -50), divinely shielded, spider-form
(expiring), wereblooded, glowing
A: venomous fangs, tiny, unfitting armour, (tough skin 1)
a: End Transformation, Renounce Religion, Divine Shield


You were on level 4 of the Dungeon.
You worshipped the Shining One.
The Shining One was aware of your devotion.
You were a venomous arachnid creature.
You visited 1 branch of the dungeon, and saw 4 of its levels.

You collected 88 gold pieces.

Inventory:

Hand Weapons
 g - a +2 whip of freezing
 p - a +2 dagger of protection (melded)
Missiles
 a - 6 javelins
 c - 9 boomerangs
 d - 78 stones (quivered)
 o - 4 poisoned darts
Armour
 m - a +0 robe (melded)
Scrolls
 i - a scroll of fog {unknown}
 k - 2 scrolls of teleportation
 n - a scroll of summoning
Potions
 b - a potion of might
 e - a potion of heal wounds
 f - a potion of cancellation {unknown}
 h - 2 potions of flight {unknown}
 j - a potion of curing {unknown}
 l - a potion of resistance {unknown}


   Skills:
 + Level 3.6 Fighting
 - Level 1.7 Dodging
 * Level 4.3 Unarmed Combat
 + Level 3.8 Spellcasting
 * Level 3.7 Transmutations
 + Level 1.1 Ice Magic
 + Level 1.8 Poison Magic
 * Level 2.3 Invocations


You had 3 spell levels left.
You knew the following spells:

 Your Spells              Type           Power      Damage    Failure   Level
a - Beastly Appendage     Tmut           26%        N/A       13%         1
b - Spider Form           Tmut/Pois      10%        N/A       38%         3
c - Ice Form              Ice/Tmut       9%         N/A       78%         4
d - Wereblood             Tmut           13%        N/A       17%         2

Your spell library contained the following spells:

 Spells                   Type           Power      Damage    Failure   Level


Dungeon Overview and Level Annotations

Branches:
Dungeon (4/15)
 Temple: D:4-7

Altars:
Fedhas
Makhleb
Okawaru
Yredelemnul
The Shining One


Innate Abilities, Weirdness & Mutations

You are a venomous arachnid creature.
You have poisonous fangs.
You are tiny and dextrous.
Your spellcasting is less reliable in this form.
Your armour is entirely melded.
You are incapable of wielding weapons or throwing items.
You are too large for most types of armour.
((You have tough skin. (AC +1)))


Message History

You feel very sick. The killer bee stings you.
* * * LOW HITPOINT WARNING * * *
The killer bee stings you but does no damage.
The killer bee barely misses you. The hound completely misses you.
The killer bee stings you but does no damage.
It was a potion of heal wounds.
You feel much better.
Your transformation is almost over.
You feel very sick.
The killer bee misses you. x2; The hound misses you.
The killer bee misses you. The hound misses you. The killer bee stings you!
* * * LOW HITPOINT WARNING * * *
You are more poisoned.
The killer bee poisons you!
You feel much better.
You feel very sick. The killer bee stings you.
* * * LOW HITPOINT WARNING * * *
You are more poisoned.
The killer bee poisons you! The killer bee stings you.
* * * LOW HITPOINT WARNING * * *
The killer bee stings you.
* * * LOW HITPOINT WARNING * * *
The hound misses you. The killer bee misses you.
You feel much better.
You feel extremely sick. The killer bee stings you.
The killer bee closely misses you. The hound barely misses you.
The killer bee stings you!
* * * LOW HITPOINT WARNING * * *
You are more poisoned.
The killer bee poisons you! The hound misses you. The killer bee misses you.
You bite the killer bee!
The killer bee is poisoned.
The killer bee is almost dead.
* * * LOW HITPOINT WARNING * * *
You feel extremely sick.
You feel a bit better.
You kill the killer bee!
The killer bee closely misses you. x2; The hound bites you but does no damage.
A divine shield forms around you!
You die...

....... ####### .......
#........# .......
#........ .......
####....<..# .
....y..###.##.......#..
.........#..........#
#.†g...........#
###h#.#...#.##.##
#s#.#......#..#
#†y.#...##..#.##
##......###....#
##......##....##
#.............# .
#........##.#...
#.###..............#
##...........##.....#
...##....>...###.....


You could see a hound, a killer bee and a goblin.

Vanquished Creatures
  Sigmund (D:2)
  5 killer bees (D:4)
  A centaur skeleton (D:4)
  Natasha (thrice) (D:3)
  An adder (D:3)
  A dart slug (D:1)
  7 orcs
  4 ball pythons
  3 bats
  7 endoplasms
  5 giant cockroaches
  4 goblins
  6 hobgoblins
  4 quokkas
  A frilled lizard (D:2)
  8 kobolds
  A quokka skeleton (D:4)
  6 rats
68 creatures vanquished.

Vanquished Creatures (collateral kills)
  An endoplasm (D:2)
1 creature vanquished.

Grand Total: 69 creatures vanquished

Notes
Turn   | Place    | Note
-------+----------+-------------------------------------------
     0 | D:1      | tizbic2 the Ogre Transmuter began the quest for the Orb.
     0 | D:1      | Reached XP level 1. HP: 19/19 MP: 3/3
    17 | D:1      | You fall into a shaft and drop 1 floor!
   407 | D:1      | Reached XP level 2. HP: 27/27 MP: 2/5
   699 | D:1      | Reached skill level 3 in Unarmed Combat
  1367 | D:2      | Reached XP level 3. HP: 34/35 MP: 7/7
  1391 | D:2      | Learned a level 3 spell: Spider Form
  1411 | D:2      | Noticed Sigmund
  1427 | D:2      | Killed Sigmund
  1428 | D:2      | Reached skill level 1 in Poison Magic
  1428 | D:2      | Reached XP level 4. HP: 12/44 MP: 8/8
  1428 | D:2      | Reached XP level 5. HP: 14/52 MP: 9/9
  1650 | D:2      | Found a faded altar of an unknown god.
  1672 | D:2      | Prayed at the altar of an unknown god.
  1672 | D:2      | Became a worshipper of the Shining One
  1672 | D:2      | Reached * piety under the Shining One
  2159 | D:3      | Found a burning altar of Makhleb.
  2277 | D:3      | Learned a level 4 spell: Ice Form
  2480 | D:3      | Found an iron altar of Okawaru.
  2508 | D:3      | Found a basalt altar of Yredelemnul.
  2635 | D:3      | Found a blossoming altar of Fedhas.
  2685 | D:3      | Reached XP level 6. HP: 61/61 MP: 7/11
  2837 | D:3      | Noticed Natasha
  2845 | D:3      | Killed Natasha
  2970 | D:3      | Noticed Natasha
  2981 | D:3      | Killed Natasha
  2982 | D:3      | Reached skill level 4 in Unarmed Combat
  2982 | D:3      | Reached skill level 1 in Invocations
  3059 | D:3      | Noticed Natasha
  3066 | D:3      | Killed Natasha
  3133 | D:4      | Learned a level 2 spell: Wereblood
  3256 | D:4      | Reached XP level 7. HP: 30/67 MP: 6/12
  3258 | D:4      | Reached skill level 1 in Ice Magic
  3263 | D:4      | Succumbed to a killer bee's poison

Illustrated notes

Levels and vault maps discovered:
D:1:      amcnicky_arrival_double_pillar, layout_loops_ring,
          minmay_splitting_lines, skrybe_limestone_x
D:2:      layout_basic, hellmonk_ecumenical_altar_slurped_away, uniq_sigmund
D:3:      layout_loops_corners, mainiacjoe_overflow_boulevard,
          mainiacjoe_overflow_concentric_impassable, lemuel_crystal_altar,
          fedhas_altar_1, uniq_natasha
D:4:      layout_rooms, riverfiend_overflow_shadow_ancestor, gammafunk_ghost_icy

Skill      XL: |  1  2  3  4  5  6  7 |
---------------+----------------------+-----
Transmutations | 2 3 |  3.7
Unarmed Combat | 3 4 |  4.3
Fighting       | 2 3 |  3.6
Spellcasting   | 3 |  3.8
Poison Magic   | 1 |  1.8
Invocations    | 2 |  2.3
Ice Magic      | 1 |  1.1
Dodging        | |  1.7

Action                   |  1- 3 |  4- 6 |  7- 9 || total
-------------------------+-------+-------+-------++-------
Melee: Dagger            |    59 |       |       ||    59
       Headbutt          |    12 |     5 |       ||    17
       Unarmed           |     1 |    45 |     3 ||    49
       Kick              |    11 |     9 |       ||    20
       Whip              |    17 |    53 |       ||    70
       Punch             |     1 |       |       ||     1
Throw: Boomerang         |    10 |       |       ||    10
       Stone             |     3 |       |       ||     3
 Cast: Beastly Appendage |     9 |    13 |       ||    22
       Spider Form       |       |     9 |       ||     9
       Wereblood         |       |     3 |       ||     3
Invok: Divine Shield     |       |       |     1 ||     1
  Use: Scroll            |       |     5 |       ||     5
       Potion            |       |       |     4 ||     4
Armor: Robe              |    30 |    16 |       ||    46
       Skin              |       |     2 |     3 ||     5
Dodge: Dodged            |    30 |    72 |    20 ||   122
